 Dungeon Sprint DCSS version 0.17-a0-1360-g37db002 (webtiles) character file.

8800000 Kidiri the Conqueror (level 27, -23/323 HPs)
             Began as a Troll Berserker on June 11, 2015.
             Was the Champion of Makhleb.
             Annihilated by The Servant
             ... wielding a +9 glaive of flaming
              (45 damage)
             ... in the Dungeon (Sprint VIII: "Arena of Blood").
             The game lasted 00:05:21 (88 turns).

Kidiri the Conqueror (Troll Berserker)                Turns: 88, Time: 00:05:21

Health: -23/323    AC:  7    Str: 33    XL:     27
Magic:  32/53      EV: 31    Int:  3    God:    Makhleb [******]
Gold:   0          SH:  0    Dex: 18    Spells: 0 memorised, 80 levels left

rFire  . . .     SeeInvis .     j - +∞ Axe of Woe
rCold  . . .     Clarity  .     b - +0 animal skin
rNeg   . . .     SustAt   .     (no shield)
rPois  .         Gourm    +     (helmet restricted)
rElec  .         Spirit   .     (no cloak)
rCorr  .         Warding  .     (gloves unavailable)
rMut   .         NoTele   +     (boots unavailable)
MR     ++...                    (no amulet)
Stlth  ++++++....               (no ring)
                                (no ring)

@: very resistant to hostile enchantments, very stealthy
A: unfitting armour, claws 3, fast metabolism 3, gourmand, regeneration 2,
shaggy fur 1, tough skin 2
a: Minor Destruction, Lesser Servant of Makhleb, Major Destruction, Greater
Servant of Makhleb, Renounce Religion


You were in the Dungeon.
You worshipped Makhleb.
Makhleb was exalted by your worship.
You were not hungry.

You visited 1 branch

Inventory:

Hand weapons
 a - a +0 hand axe
 j - the +∞ Axe of Woe (weapon)
   (You found it in the Dungeon)
Armour
 b - a +0 animal skin (worn)
Scrolls
 i - a scroll of blinking
Potions
 d - a potion of curing
 e - a potion of heal wounds
 f - a potion of haste
 g - 2 potions of magic
 h - a potion of berserk rage
Comestibles
 c - 2 bread rations


   Skills:
 O Level 27 Fighting
 O Level 27 Axes
 O Level 27 Throwing
 O Level 27 Armour
 O Level 27 Dodging
 O Level 27 Stealth
 O Level 27 Unarmed Combat
 O Level 27 Spellcasting
 O Level 27 Invocations


You had 80 spell levels left.
You didn't know any spells.

Dungeon Overview and Level Annotations

Branches:
Dungeon (1/1)

Altars:
Makhleb

Annotations:
D The Servant


Innate Abilities, Weirdness & Mutations

You are too large for most types of armour.
You have claws for hands.
Your metabolism is lightning-fast.
You like to eat raw meat.
You heal very quickly.
You are covered in fur (AC +1).
You have very tough skin (AC +2).


Message History

Your life force feels restored.
You hear a shout! x4
Some corpses begin to drag themselves along the ground!
Some corpses meld into an agglomeration of writhing flesh!
You hear a shout!
A small abomination comes into view.
The bag of meat shouts!
You slice the crawling corpse like a ripe choko!!!
You cleave the crawling corpse in twain.
You destroy the crawling corpse!
You slash the crawling corpse!
You dissect the crawling corpse like a pig carcass.
You destroy the crawling corpse!
You hear a shout! x3
A bolt of negative energy appears from out of thin air!
The bolt of negative energy misses you.
The Servant hits you from afar with a +9 glaive of flaming!!!!
* * * LOW HITPOINT WARNING * * *
The Servant burns you!!!
You die...

###..%#..%%.....
.o.###......#%..........
.o#o.%..%%..............
......#....o.....2......
.o.....#......%%#..o....
.........2#.)%..#.......
.....O.#.x))%)###.......
#..2%%)))x)).)...###..
#...@)@)#)).)%).._...
#....)#.....).#..)).#
....###%......%..#_)<)_#
... ...x#.%.....#.))).#
. .......#z......._...
#...%..........%.###o.
............###.%. ..
............. #.... ..
#... ..


You could see 2 meat beasts, The Servant, a sculptor of flesh, a meat berserker
(berserk), a small abomination and 5 bags of meat.

Vanquished Creatures
  2 hell beasts (D)
  3 greater mummies (D)
  A wraith (D)
  21 vampire knights (D)
  30 ogres (D)
  4 liches (D)
  61 orcs (D)
  A phantom (D)
  5 hill giants (D)
  6 skeletal warriors (D)
  3 large abominations (D)
  13 small abominations (D)
  15 crawling corpses (D)
165 creatures vanquished.

Vanquished Creatures (others)
  5 crawling corpses (D)
5 creatures vanquished.

Grand Total: 170 creatures vanquished

Notes
Turn   | Place    | Note
--------------------------------------------------------------
     0 | D        | Kidiri the Troll Berserker began the quest for the Orb.
     0 | D        | Reached XP level 1. HP: 22/22 MP: 0/0
     2 | D        | Noticed a bag of meat
     2 | D        | Noticed a bag of meat
     2 | D        | Noticed a bag of meat
     3 | D        | Noticed a bag of meat
     4 | D        | Fell from the grace of Trog
     4 | D        | Became a worshipper of Makhleb the Destroyer
     5 | D        | Noticed a bag of meat
     6 | D        | Noticed a bag of meat
     6 | D        | Noticed a bag of meat
     6 | D        | Noticed a meat berserker
     7 | D        | Noticed a meat berserker
     8 | D        | Noticed a bag of meat
     8 | D        | Noticed a meat berserker
     9 | D        | Killed a bag of meat
     9 | D        | Reached skill level 14 in Fighting
     9 | D        | Reached XP level 2. HP: 26/55 MP: 1/1
     9 | D        | Reached XP level 3. HP: 29/63 MP: 2/2
     9 | D        | Reached XP level 4. HP: 33/72 MP: 3/3
     9 | D        | Reached XP level 5. HP: 36/80 MP: 4/4
     9 | D        | Reached XP level 6. HP: 40/89 MP: 5/5
     9 | D        | Reached XP level 7. HP: 43/97 MP: 6/6
     9 | D        | Reached XP level 8. HP: 46/106 MP: 7/7
     9 | D        | Reached XP level 9. HP: 49/114 MP: 8/8
     9 | D        | Reached XP level 10. HP: 52/123 MP: 9/9
     9 | D        | Reached XP level 11. HP: 55/131 MP: 10/10
     9 | D        | Killed a bag of meat
     9 | D        | Acquired Makhleb's first power
     9 | D        | Reached skill level 16 in Fighting
     9 | D        | Reached XP level 12. HP: 59/146 MP: 11/11
     9 | D        | Noticed a bag of meat
    10 | D        | Noticed a bag of meat
    10 | D        | Killed a bag of meat
    10 | D        | Reached skill level 17 in Fighting
    10 | D        | Reached XP level 13. HP: 66/158 MP: 12/12
    10 | D        | Killed a bag of meat
    10 | D        | Acquired Makhleb's second power
    10 | D        | Reached skill level 18 in Fighting
    10 | D        | Reached XP level 14. HP: 110/170 MP: 13/13
    10 | D        | Killed a bag of meat
    10 | D        | Reached skill level 19 in Fighting
    11 | D        | Killed a meat berserker
    11 | D        | Acquired Makhleb's third power
    11 | D        | Reached skill level 21 in Fighting
    11 | D        | Reached XP level 15. HP: 126/187 MP: 14/14
    11 | D        | Killed a bag of meat
    11 | D        | Reached skill level 22 in Fighting
    12 | D        | Noticed a bag of meat
    12 | D        | Killed a meat berserker
    12 | D        | Acquired Makhleb's fourth power
    12 | D        | Reached skill level 23 in Fighting
    12 | D        | Reached XP level 16. HP: 42/205 MP: 15/15
    12 | D        | Killed a meat berserker
    12 | D        | Reached skill level 24 in Fighting
    12 | D        | Reached skill level 25 in Axes
    12 | D        | Reached XP level 17. HP: 100/218 MP: 16/16
    13 | D        | Noticed a meat berserker
    14 | D        | Killed a bag of meat
    14 | D        | Killed a bag of meat
    14 | D        | Acquired Makhleb's fifth power
    14 | D        | Reached skill level 26 in Fighting
    15 | D        | Noticed a meat berserker
    17 | D        | Noticed a bag of meat
    18 | D        | Noticed a meat berserker
    18 | D        | Noticed a meat berserker
    19 | D        | Noticed a bag of meat
    19 | D        | Noticed a meat berserker
    19 | D        | Killed a bag of meat
    19 | D        | Killed a bag of meat
    19 | D        | Reached skill level 27 in Fighting
    19 | D        | Reached skill level 27 in Axes
    19 | D        | Reached skill level 27 in Dodging
    19 | D        | Reached XP level 18. HP: 229/236 MP: 16/20
    20 | D        | Killed a bag of meat
    20 | D        | Reached skill level 5 in Stealth
    21 | D        | Killed a meat berserker
    21 | D        | Reached skill level 10 in Throwing
    21 | D        | Reached skill level 10 in Invocations
    22 | D        | Noticed a bag of meat
    22 | D        | Noticed a bag of meat
    22 | D        | Noticed a meat berserker
    22 | D        | Killed a meat berserker
    22 | D        | Reached skill level 10 in Stealth
    22 | D        | Reached XP level 19. HP: 245/245 MP: 16/31
    23 | D        | Noticed a bag of meat
    23 | D        | Noticed a meat berserker
    23 | D        | Noticed a meat berserker
    23 | D        | Noticed a meat berserker
    23 | D        | Noticed a bag of meat
    23 | D        | Noticed a large bag of meat
    24 | D        | Noticed a bag of meat
    24 | D        | Killed a meat berserker
    24 | D        | Reached skill level 15 in Unarmed Combat
    24 | D        | Reached skill level 10 in Spellcasting
    24 | D        | Killed a meat berserker
    24 | D        | Reached skill level 15 in Armour
    25 | D        | Noticed a bag of meat
    25 | D        | Noticed a bag of meat
    25 | D        | Noticed a bag of meat
    25 | D        | Noticed a bag of meat
    25 | D        | Noticed a meat berserker
    25 | D        | Noticed a bag of meat
    25 | D        | Noticed a destroyer
    25 | D        | Noticed a bag of meat
    25 | D        | Noticed a bag of meat
    25 | D        | Noticed a bag of meat
    25 | D        | Noticed a bag of meat
    26 | D        | Noticed a bag of meat
    26 | D        | Noticed a bag of meat
    26 | D        | Noticed a destroyer
    26 | D        | Noticed a large bag of meat
    26 | D        | Noticed a bag of meat
    27 | D        | Noticed a bag of meat
    27 | D        | Killed a meat berserker
    27 | D        | Reached XP level 20. HP: 256/256 MP: 17/36
    27 | D        | Noticed a bag of meat
    28 | D        | Killed a meat berserker
    28 | D        | Reached skill level 15 in Stealth
    29 | D        | Killed a meat berserker
    29 | D        | Reached skill level 15 in Spellcasting
    29 | D        | Reached XP level 21. HP: 265/265 MP: 17/39
    29 | D        | Killed a meat berserker
    29 | D        | Killed a large bag of meat
    29 | D        | Killed a meat berserker
    30 | D        | Noticed a destroyer
    30 | D        | Noticed a bag of meat
    30 | D        | Noticed a destroyer
    30 | D        | Noticed a destroyer
    31 | D        | Noticed a large bag of meat
    31 | D        | Noticed a bag of meat
    31 | D        | Killed a destroyer
    31 | D        | Reached XP level 22. HP: 250/275 MP: 18/42
    31 | D        | Killed a large bag of meat
    32 | D        | Noticed a destroyer
    32 | D        | Noticed a meat berserker
    32 | D        | Noticed a destroyer
    32 | D        | Noticed a bag of meat
    33 | D        | Noticed a bag of meat
    33 | D        | Killed a bag of meat
    33 | D        | Killed a bag of meat
    33 | D        | Killed a bag of meat
    33 | D        | Killed a bag of meat
    33 | D        | Killed a destroyer
    33 | D        | Reached skill level 27 in Unarmed Combat
    33 | D        | Reached XP level 23. HP: 231/284 MP: 18/45
    34 | D        | Killed a bag of meat
    34 | D        | Killed a bag of meat
    34 | D        | Killed a destroyer
    34 | D        | Reached skill level 27 in Throwing
    34 | D        | Reached skill level 27 in Invocations
    34 | D        | Killed a bag of meat
    34 | D        | Reached skill level 27 in Armour
    35 | D        | Noticed a large bag of meat
    35 | D        | Noticed a meat berserker
    35 | D        | Killed a bag of meat
    35 | D        | Killed a bag of meat
    35 | D        | Reached XP level 24. HP: 295/295 MP: 19/49
    35 | D        | Killed a bag of meat
    36 | D        | Noticed a sculptor of flesh
    36 | D        | Killed a meat berserker
    36 | D        | Killed a bag of meat
    36 | D        | Reached skill level 27 in Stealth
    36 | D        | Killed a destroyer
    36 | D        | Reached skill level 27 in Spellcasting
    36 | D        | Killed a destroyer
    36 | D        | Reached XP level 25. HP: 304/304 MP: 19/53
    37 | D        | Noticed a bag of meat
    37 | D        | Killed a bag of meat
    37 | D        | Noticed a bag of meat
    38 | D        | Noticed a bag of meat
    38 | D        | Noticed a bag of meat
    38 | D        | Killed a bag of meat
    38 | D        | Killed a bag of meat
    38 | D        | Killed a destroyer
    39 | D        | Noticed a bag of meat
    39 | D        | Killed a bag of meat
    39 | D        | Noticed a bag of meat
    40 | D        | Noticed a bag of meat
    40 | D        | Killed a bag of meat
    40 | D        | Reached XP level 26. HP: 314/314 MP: 20/53
    40 | D        | Killed a meat berserker
    41 | D        | Killed a bag of meat
    41 | D        | Killed a meat berserker
    42 | D        | Noticed a destroyer
    42 | D        | Noticed a sculptor of flesh
    42 | D        | Killed a bag of meat
    42 | D        | Killed a bag of meat
    43 | D        | Noticed a destroyer
    43 | D        | Killed a bag of meat
    44 | D        | Noticed a meat berserker
    44 | D        | Killed a sculptor of flesh
    44 | D        | Killed a bag of meat
    44 | D        | Reached XP level 27. HP: 323/323 MP: 21/53
    44 | D        | Killed a destroyer
    44 | D        | Killed a large bag of meat
    45 | D        | Noticed a destroyer
    46 | D        | Noticed a destroyer
    46 | D        | Noticed a bag of meat
    46 | D        | Noticed The Servant
    46 | D        | Killed a bag of meat
    46 | D        | Killed a bag of meat
    46 | D        | Killed a bag of meat
    47 | D        | Killed a bag of meat
    47 | D        | Killed a destroyer
    47 | D        | Killed a bag of meat
    48 | D        | Noticed a bag of meat
    48 | D        | Killed a bag of meat
    48 | D        | Killed a destroyer
    48 | D        | Killed a destroyer
    48 | D        | Killed a large bag of meat
    49 | D        | Noticed a sculptor of flesh
    49 | D        | Noticed a meat berserker
    49 | D        | Noticed a bag of meat
    50 | D        | Killed a bag of meat
    51 | D        | Noticed a destroyer
    51 | D        | Noticed a destroyer
    51 | D        | Noticed a destroyer
    51 | D        | Killed a meat berserker
    51 | D        | Killed a sculptor of flesh
    52 | D        | Noticed a meat berserker
    52 | D        | Noticed a destroyer
    52 | D        | Noticed a meat berserker
    52 | D        | Killed a bag of meat
    53 | D        | Noticed a destroyer
    53 | D        | Killed a bag of meat
    54 | D        | Noticed a sculptor of flesh
    54 | D        | Noticed a large bag of meat
    54 | D        | Noticed a bag of meat
    54 | D        | Noticed a tyrant
    54 | D        | Killed a bag of meat
    54 | D        | Killed a bag of meat
    55 | D        | Noticed an accursed
    55 | D        | Noticed a bag of meat
    55 | D        | Noticed a bag of meat
    55 | D        | Killed a destroyer
    55 | D        | Killed a bag of meat
    56 | D        | Noticed a bag of meat
    56 | D        | Killed a bag of meat
    56 | D        | Killed a meat berserker
    56 | D        | Killed a meat berserker
    57 | D        | Noticed a bag of meat
    57 | D        | Killed a destroyer
    57 | D        | Killed a bag of meat
    58 | D        | Noticed a bag of meat
    58 | D        | Noticed a meat berserker
    58 | D        | Noticed a bag of meat
    58 | D        | Noticed a tyrant
    58 | D        | Killed a destroyer
    58 | D        | Noticed a tyrant
    59 | D        | Noticed a sculptor of flesh
    59 | D        | Noticed a destroyer
    60 | D        | Killed a destroyer
    60 | D        | Killed a meat berserker
    61 | D        | Noticed a bag of meat
    61 | D        | Noticed an accursed
    61 | D        | Noticed a sculptor of flesh
    61 | D        | Noticed a meat berserker
    61 | D        | Noticed a meat berserker
    62 | D        | Killed a destroyer
    62 | D        | Killed a bag of meat
    63 | D        | Noticed a meat berserker
    63 | D        | Noticed a meat berserker
    63 | D        | Killed a bag of meat
    64 | D        | Noticed a bag of meat
    64 | D        | Killed a bag of meat
    64 | D        | Killed a sculptor of flesh
    64 | D        | Killed a bag of meat
    65 | D        | Noticed an accursed
    65 | D        | Noticed a destroyer
    65 | D        | Killed a bag of meat
    66 | D        | Noticed a destroyer
    66 | D        | Killed a meat berserker
    66 | D        | Killed a large bag of meat
    66 | D        | Killed a meat berserker
    67 | D        | Noticed a bag of meat
    67 | D        | Noticed a meat beast
    67 | D        | Killed a meat berserker
    67 | D        | Killed a tyrant
    67 | D        | Killed a sculptor of flesh
    68 | D        | Killed a bag of meat
    68 | D        | Killed a meat berserker
    69 | D        | Noticed a bag of meat
    69 | D        | Noticed a meat berserker
    69 | D        | Noticed a tyrant
    69 | D        | Killed a sculptor of flesh
    69 | D        | Killed a destroyer
    69 | D        | Killed a tyrant
    70 | D        | Noticed a meat berserker
    70 | D        | Noticed a meat berserker
    70 | D        | Killed a meat berserker
    70 | D        | Killed a tyrant
    71 | D        | Noticed a bag of meat
    71 | D        | Killed a bag of meat
    71 | D        | Killed an accursed
    71 | D        | Killed a meat berserker
    72 | D        | Noticed a bag of meat
    72 | D        | Noticed a bag of meat
    72 | D        | Killed an accursed
    72 | D        | Killed a meat berserker
    72 | D        | Killed a destroyer
    72 | D        | Killed a bag of meat
    72 | D        | Killed a meat beast
    73 | D        | Noticed a bag of meat
    73 | D        | Noticed a dread
    73 | D        | Killed a meat berserker
    74 | D        | Noticed a destroyer
    74 | D        | Killed a bag of meat
    74 | D        | Killed a destroyer
    75 | D        | Noticed a meat beast
    75 | D        | Noticed a destroyer
    76 | D        | Killed a sculptor of flesh
    77 | D        | Killed a bag of meat
    77 | D        | Killed a destroyer
    77 | D        | Killed a destroyer
    78 | D        | Killed a destroyer
    79 | D        | Noticed a meat berserker
    79 | D        | Killed a bag of meat
    79 | D        | Killed a dread
    79 | D        | Killed an accursed
    79 | D        | Killed a tyrant
    79 | D        | Killed a bag of meat
    79 | D        | Killed a bag of meat
    80 | D        | Noticed a meat berserker
    80 | D        | Killed a meat beast
    80 | D        | Killed a bag of meat
    81 | D        | Noticed a meat beast
    81 | D        | Noticed a meat berserker
    83 | D        | Killed a bag of meat
    84 | D        | Noticed a meat berserker
    84 | D        | Killed a meat berserker
    85 | D        | Noticed a bag of meat
    85 | D        | Noticed a meat beast
    85 | D        | Noticed a bag of meat
    86 | D        | Noticed a bag of meat
    86 | D        | Noticed a bag of meat
    86 | D        | Killed a meat berserker
    86 | D        | Killed a wretched soul
    87 | D        | Noticed a bag of meat
    87 | D        | Noticed a sculptor of flesh
    87 | D        | Noticed a meat beast
    87 | D        | Killed a meat berserker
    88 | D        | Annihilated by The Servant

Vault maps used:
D:        meatsprint

Action                   |  1- 3 |  4- 6 |  7- 9 | 10-12 | 13-15 | 16-18 | 19-21 | 22-24 | 25-27 || total
-------------------------+-------+-------+-------+-------+-------+-------+-------+-------+-------++-------
Melee: Executioner's axe |     1 |       |       |     1 |     2 |     5 |     5 |     4 |    46 ||    64
Invok: Greater Servant o |       |       |       |       |       |       |       |       |     1 ||     1
 Stab: Distracted        |       |       |       |       |       |       |       |       |     1 ||     1
